 Dungeon Crawl Stone Soup version 0.21.0 (webtiles) character file.

263 AllRandomAllDemise the Conjurer (level 5, 0/42 HPs)
             Began as a Demigod Wizard on Jan 7, 2018.
             Killed from afar by an orc wizard (11 damage)
             ... with a magic dart
             ... on level 4 of the Dungeon.
             The game lasted 00:04:08 (4068 turns).

AllRandomAllDemise the Conjurer (Demigod Wizard)    Turns: 4068, Time: 00:04:09

Health: 0/42       AC:  5    Str: 10 (12) XL:     5   Next: 65%
Magic:  9/13       EV: 12    Int: 19 (22) God:
Gold:   69         SH:  0    Dex: 11 (14) Spells: 2/10 levels left

rFire    . . .     SeeInvis .   a - +2 short sword (venom)
rCold    . . .     Gourm    .   (no shield)
rNeg     . . .     Faith    .   i - +0 robe
rPois    .         Spirit   .   r - +0 helmet
rElec    .         Reflect  .   q - +1 cloak
rCorr    .         Harm     .   (no gloves)
MR       .....                  (no boots)
Stlth    +++.......             (no amulet)
HPRegen  0.14/turn              l - ring of stealth
MPRegen  0.13/turn              (no ring)

@: very slightly contaminated, slowed, very slow
A: high mp 1
a: no special abilities


You were on level 4 of the Dungeon.
You were hungry.

You visited 1 branch of the dungeon, and saw 4 of its levels.

You collected 69 gold pieces.

Inventory:

Hand Weapons
 a - a +2 short sword of venom (weapon)
 e - a +0 spear
 n - a +0 short sword of draining
Missiles
 g - 117 stones (quivered)
Armour
 i - a +0 robe (worn)
 q - a +1 cloak (worn)
 r - a +0 helmet (worn)
Jewellery
 l - a ring of stealth (left hand)
Scrolls
 b - a scroll of immolation {unknown}
 h - 2 scrolls of amnesia
 k - 2 scrolls of teleportation
 m - a scroll of remove curse {unknown}
 s - a scroll of random uselessness {unknown}
 t - a scroll of fog {unknown}
Potions
 f - a potion of might
 j - a potion of magic {unknown}
 o - a potion of degeneration {!q!q}
 p - 2 potions of invisibility {unknown}
Books
 c - a book of Minor Magic

   Spells                             Type                      Level
   a - Magic Dart                     Conjuration                  1
   b - Blink                          Translocation                2
   c - Call Imp                       Summoning                    2
   d - Slow                           Hexes                        2
   e - Conjure Flame                  Conjuration/Fire             3
   f - Mephitic Cloud                 Conjuration/Poison/Air       3
Comestibles
 d - 7 rations


   Skills:
 + Level 2.3 Fighting
 - Level 1.7 Polearms
 - Level 1.7 Dodging
 - Level 1.7 Stealth
 + Level 3.4 Spellcasting
 * Level 3.5 Conjurations
 - Level 0.8 Summonings
 - Level 0.8 Translocations


You had 2 spell levels left.
You knew the following spells:

 Your Spells              Type           Power        Failure   Level  Hunger
a - Magic Dart            Conj           ###.         3%          1    None
d - Conjure Flame         Conj/Fire      ##......     22%         3    ###....
e - Call Imp              Summ           #.......     16%         2    ##.....
B - Blink                 Tloc           N/A          16%         2    ##.....


Dungeon Overview and Level Annotations

Branches:
Dungeon (4/15)
 Temple: D:4-7


Innate Abilities, Weirdness & Mutations

You have an increased reservoir of magic. (+10% MP)


Message History

Confirm with . or Enter, or press ? or * to list all spells.
You miscast Call Imp.
You are very lightly contaminated with residual magic.
Nothing appears to happen.
The orc wizard hits you but does no damage.
The orc wizard barely misses you.
Your crimson imp misses the orc wizard.
The orc wizard hits you with a dagger.
You hit the orc wizard but do no damage.
The orc wizard is poisoned.
Your crimson imp disappears in a puff of smoke!
The orc wizard misses you. The orc wizard barely misses you.
The leopard gecko skeleton bites you.
* * * LOW HITPOINT WARNING * * *
Unknown command.
It was a potion of degeneration.
There was something very wrong with that liquid.
You feel weakened.
You feel dopey.
You feel clumsy.
The orc wizard gestures at you while chanting.
The magic dart hits you!
You die...

#.......#...#........
#.......#...+........
#.......#...#........
#...##+###+##
#........# #........#
#........#
.........?.#
..........@.#
..##...##Zo## ### ..
#...##.5##...##.
........†.)......
........††)......
...........$.....
................
..[.............
#...##.......##>


You could see an orc wizard, a leopard gecko skeleton and a friendly shadow imp.

Vanquished Creatures
  A howler monkey (D:4)
  An orc wizard (D:4)
  A hound (D:4)
  Crazy Yiuf (D:3)
  An iguana (D:2)
  An adder (D:3)
  4 dart slugs (D:1)
  4 leopard geckos
  9 orcs
  5 giant cockroaches
  6 hobgoblins
  3 jackals (D:1)
  A ball python (D:4)
  7 bats
  8 frilled lizards
  9 kobolds
  5 rats
67 creatures vanquished.

Vanquished Creatures (collateral kills)
  A hound (D:4)
  A worm (D:2)
  A leopard gecko (D:4)
  An orc (D:4)
  A kobold (D:1)
5 creatures vanquished.

Grand Total: 72 creatures vanquished

Notes
Turn   | Place    | Note
-------+----------+-------------------------------------------
     0 | D:1      | AllRandomAllDemise the Demigod Wizard began the quest for the Orb.
     0 | D:1      | Reached XP level 1. HP: 14/14 MP: 6/6
    45 | D:1      | Reached skill level 1 in Conjurations
   225 | D:1      | Reached skill level 1 in Polearms
   232 | D:1      | Reached XP level 2. HP: 16/22 MP: 1/8
   493 | D:1      | Learned a level 2 spell: Blink
   496 | D:1      | Learned a level 2 spell: Call Imp
   829 | D:1      | Reached skill level 1 in Fighting
  1273 | D:1      | Reached XP level 3. HP: 28/28 MP: 9/9
  2635 | D:3      | Reached XP level 4. HP: 35/35 MP: 11/11
  2669 | D:3      | Found a hazy altar of Hepliaklqana.
  2723 | D:3      | Learned a level 3 spell: Conjure Flame
  3323 | D:3      | Found a runed door.
  3476 | D:3      | Noticed Crazy Yiuf
  3493 | D:3      | Killed Crazy Yiuf
  3719 | D:4      | Reached XP level 5. HP: 39/41 MP: 12/12
  4068 | D:4      | Killed from afar by an orc wizard

Skill      XL: |  1  2  3  4 |
---------------+-------------+-----
Conjurations   | 1 2 3 |  3.5
Polearms       | 1 |  1.7
Fighting       | 1 2 |  2.3
Spellcasting   | 3 |  3.4
Dodging        | |  1.7
Stealth        | |  1.7
Summonings     | |  0.8
Translocations | |  0.8

Action                   |  1- 3 |  4- 6 || total
-------------------------+-------+-------++-------
Melee: Spear             |    64 |       ||    64
       Short sword       |    54 |    62 ||   116
 Cast: Magic Dart        |    24 |     8 ||    32
       Call Imp          |    12 |     5 ||    17
       Conjure Flame     |       |     1 ||     1
  Use: Scroll            |     4 |       ||     4
       Potion            |       |     1 ||     1
 Stab: Sleeping          |     3 |     3 ||     6
  Eat: Chunk             |     5 |     5 ||    10
Armor: Robe              |    24 |    14 ||    38
Dodge: Dodged            |    75 |    54 ||   129
